 Dungeon Crawl Stone Soup version 0.23.2 (webtiles) character file.

Game seed: 16373959524332216249

1481 schauveau the Cleaver (level 8, 0/106 HPs)
             Began as a Minotaur Fighter on Apr 9, 2019.
             Succumbed to a killer bee's poison
             ... on level 6 of the Dungeon.
             The game lasted 00:07:10 (2742 turns).

schauveau the Cleaver (Minotaur Fighter)            Turns: 2742, Time: 00:07:10

Health: 0/106      AC: 24    Str: 23    XL:     8   Next: 50%
Magic:  7/7        EV:  2    Int:  5    God:
Gold:   235        SH:  0    Dex: 10    Spells: 7/7 levels left

rFire    . . .     SeeInvis .   m - +1 battleaxe (elec)
rCold    . . .     Gourm    .   (shield currently unavailable)
rNeg     + + +     Faith    .   (armour currently unavailable)
rPois    +         Spirit   .   (helmet currently unavailable)
rElec    .         Reflect  .   (cloak currently unavailable)
rCorr    .         Harm     .   (gloves currently unavailable)
MR       .....     NoTele   +   (boots currently unavailable)
Stlth    +.........             (no amulet)
HPRegen  0.27/turn              (no ring)
MPRegen  0.10/turn              (no ring)

@: lethally poisoned (0 -> -2), tree-form (expiring)
A: (retaliatory headbutt)
a: no special abilities


You were on level 6 of the Dungeon.
You were not hungry.
You were a tree.
You visited 1 branch of the dungeon, and saw 6 of its levels.

You collected 235 gold pieces.

Inventory:

Hand Weapons
 a - a +0 war axe
 m - a +1 battleaxe of electrocution (weapon)
 q - a +2 dire flail of crushing
Armour
 c - a +0 shield
 e - a +0 plate armour (melded)
 o - a +0 cloak (melded)
 r - a +2 scale mail of fire resistance
Scrolls
 b - a scroll of amnesia {unknown}
 g - a scroll of noise {unknown}
 h - 2 scrolls of remove curse
 k - 3 scrolls of fog {unknown}
 l - 3 scrolls of teleportation
 n - 2 scrolls of enchant weapon {unknown}
 p - a scroll of random uselessness {unknown}
 s - a scroll of enchant armour {unknown}
 u - a scroll of identify
Potions
 j - a potion of lignification
 t - a potion of magic
Comestibles
 f - 5 rations


   Skills:
 + Level 6.5 Fighting
 * Level 9.7 Axes
 + Level 6.3 Armour
 - Level 0.3 Dodging
 - Level 5.2 Shields


You had 7 spell levels left.
You didn't know any spells.
Your spell library contained the following spells:

 Spells                   Type           Power        Failure   Level  Hunger
 Magic Dart               Conj           #...         47%         1    ##.....
 Searing Ray              Conj           #.....       63%         2    ###....
 Dazzling Spray           Conj/Hex       #.....       85%         3    ####...
 Force Lance              Conj/Tloc      #.......     99%         4    #####..
 Fulminant Prism          Conj/Hex       #.........   99%         4    #####..
 Iskenderun's Mystic Bla  Conj           #.......     99%         4    #####..


Dungeon Overview and Level Annotations

Branches:
Dungeon (6/15)
 Temple: D:4-7

Altars:
Fedhas
Gozag
Qazlal
Wu Jian

Annotations:
D:5 1 runed translucent door, Paps's ghost, novice OpFi


Innate Abilities, Weirdness & Mutations

((You reflexively headbutt those who attack you in melee.))
((You have a pair of horns on your head.))


Message History

* * * LOW HITPOINT WARNING * * *
You feel sick.
The worker ant bites you but does no damage. x2
You closely miss the worker ant.
* * * LOW HITPOINT WARNING * * *
You feel sick.
The worker ant bites you but does no damage.
You hit the worker ant.
The worker ant is lightly wounded.
* * * LOW HITPOINT WARNING * * *
You feel sick.
The worker ant bites you but does no damage. x2
You closely miss the worker ant.
The worker ant is lightly wounded.
* * * LOW HITPOINT WARNING * * *
You feel sick.
The worker ant bites you but does no damage.
You slash the worker ant!
The worker ant is almost dead.
You die...

############
##..........##########
#...#######>.........#
#......# ##########.#
#...##♣# #.# ######a#
#.# #.# #.# #.########
#.# #.##.....# #.#
#.##.....# #.#
#.##.....# ##.#
#.##.....# #..# ###
##.....# #.##


You could see a worker ant.

Vanquished Creatures
  Edmund (D:5)
  An orc warrior (D:6)
  An ice beast (D:5)
  4 centaurs
  Blork the orc (D:5)
  2 bullfrogs (D:6)
  4 killer bees (D:6)
  3 hounds
  4 orc wizards (D:6)
  A bullfrog skeleton (D:5)
  3 orc priests (D:6)
  A centaur skeleton (D:6)
  3 worker ants
  2 adders
  A shadow imp (D:5)
  2 leopard geckos
  22 orcs
  3 bats
  3 goblins (D:2)
  4 hobgoblins
  A jackal (D:2)
  A quokka (D:4)
  3 frilled lizards
  2 kobolds
  3 rats
76 creatures vanquished.

Vanquished Creatures (others)
  11 toadstools (D:6)
11 creatures vanquished.

Grand Total: 87 creatures vanquished

Notes
Turn   | Place    | Note
-------+----------+-------------------------------------------
     0 | D:1      | schauveau the Minotaur Fighter began the quest for the Orb.
     0 | D:1      | Reached XP level 1. HP: 19/19 MP: 0/0
   196 | D:2      | Reached XP level 2. HP: 26/27 MP: 1/1
   332 | D:2      | Reached skill level 3 in Axes
   360 | D:3      | Reached XP level 3. HP: 26/33 MP: 2/2
   405 | D:5      | Entered Level 5 of the Dungeon
   425 | D:5      | Noticed Blork the orc
   429 | D:5      | Noticed a centaur
   545 | D:4      | Reached XP level 4. HP: 38/40 MP: 3/3
   602 | D:4      | Reached skill level 4 in Axes
   728 | D:5      | Noticed a centaur
  1022 | D:4      | Reached XP level 5. HP: 45/47 MP: 4/4
  1072 | D:4      | Found a blossoming altar of Fedhas.
  1268 | D:4      | Reached skill level 5 in Axes
  1459 | D:5      | Killed a centaur
  1463 | D:5      | Killed a centaur
  1463 | D:5      | Reached skill level 6 in Axes
  1463 | D:5      | Reached XP level 6. HP: 40/53 MP: 5/5
  1477 | D:5      | Noticed Edmund
  1489 | D:5      | Killed Edmund
  1522 | D:6      | Found an opulent altar of Gozag.
  1527 | D:6      | Reached skill level 7 in Axes
  1533 | D:6      | Reached skill level 5 in Fighting
  1533 | D:6      | Reached skill level 5 in Shields
  1533 | D:6      | Reached XP level 7. HP: 38/61 MP: 6/6
  1566 | D:6      | HP: 3/61 [poisoned by an orc wizard]
  1567 | D:6      | HP: 1/61 [poisoned by an orc wizard]
  1747 | D:5      | Killed Blork the orc
  1747 | D:5      | Reached skill level 8 in Axes
  1809 | D:5      | Found a stormy altar of Qazlal.
  1811 | D:5      | Noticed a water elemental
  1812 | D:5      | Noticed a fire elemental
  1812 | D:5      | Noticed an air elemental
  1860 | D:5      | Reached skill level 5 in Armour
  1964 | D:5      | Found a runed translucent door.
  1964 | D:5      | Noticed Paps's ghost (novice OpFi)
  2217 | D:6      | Found an ornate altar of the Wu Jian Council.
  2351 | D:6      | Reached XP level 8. HP: 15/70 MP: 7/7
  2354 | D:6      | Reached skill level 9 in Axes
  2735 | D:6      | HP: 5/106 [poisoned by a killer bee]
  2739 | D:6      | HP: 2/106 [poisoned by a killer bee]
  2742 | D:6      | Succumbed to a killer bee's poison

Skill      XL: |  1  2  3  4  5  6  7  8 |
---------------+-------------------------+-----
Fighting       | 4 5 6 |  6.5
Armour         | 4 5 6 |  6.3
Shields        | 4 5 |  5.2
Axes           | 3 4 6 7 8 9 |  9.7
Dodging        | |  0.3

Action                   |  1- 3 |  4- 6 |  7- 9 || total
-------------------------+-------+-------+-------++-------
Melee: War axe           |    73 |    70 |    21 ||   164
       Headbutt          |    10 |    10 |    14 ||    34
       Battleaxe         |       |       |    82 ||    82
  Use: Scroll            |       |     4 |       ||     4
       Potion            |       |       |     7 ||     7
  Eat: Chunk             |       |     2 |     1 ||     3
       Ration            |       |       |     1 ||     1
Armor: Plate armour      |    52 |    48 |    54 ||   154
       Scale mail        |     3 |       |       ||     3
       Skin              |       |       |    44 ||    44
Dodge: Dodged            |     9 |    11 |    23 ||    43
Block: Shield            |    41 |    35 |    19 ||    95
